AoeStats
← Infadel

Arabia

509821456Analyzed
1v1 RM · 4d ago on Sep 28, 2026· 65m 59s· 2 players
Game mode
Random Map
Map size
Tiny (2 player)
Population
200
Speed
Normal
Resources
Standard
Victory
Conquest
Starting age
Dark Age
Ending age
Imperial Age
RankedLock teamsTeams togetherTeam positionsShared explorationLock speedFull tech treeHidden civsTurbo modeCheats
Victory
Defeat
🇺🇸 Teutons · United States
1157
+15
🇮🇳 Mongols · India
1136
-15
Infadel
9:32 Feudal Age
8:29 Loom
16:53 Double-Bit Axe
16:50 Horse Collar
19:47 Forging
22:56 Castle Age
21:14 Gold Mining
21:52 Bloodlines
22:38 Fletching
23:55 Bow Saw
25:42 Wheelbarrow
24:53 Town Watch
25:15 Bodkin Arrow
24:45 Light Cavalry
30:18 Hand Cart
30:52 Thumb Ring
30:48 Padded Archer Armor
31:24 Iron Casting
33:59 Gold Shaft Mining
37:36 Imperial Age
35:00 Stone Mining
37:07 Ballistics
38:07 Hussar
39:27 Scale Barding Armor
39:40 Leather Archer Armor
43:09 Stone Shaft Mining
46:35 Parthian Tactics
47:15 Bracer
48:15 Blast Furnace
47:21 Scale Barding Armor
47:41 Conscription
52:15 Chemistry
52:57 Drill
54:30 Onager
55:31 Heavy Cavalry Archer
Hupee
5:46 Loom
8:54 Feudal Age
9:50 Double-Bit Axe
16:52 Scale Mail Armor
21:39 Castle Age
20:17 Wheelbarrow
19:26 Horse Collar
20:13 Town Watch
21:57 Pikeman
23:21 Bow Saw
26:13 Chain Mail Armor
25:52 Fletching
26:44 Squires
37:05 Ironclad
42:08 Imperial Age
43:18 Onager
44:32 Halberdier
46:00 Siege Engineers
55:07 Conscription
55:50 Siege Onager
Connection lost

Rejoining the realm…

Still unreachable

The connection could not be restored.

Session expired

The server has moved on; the page needs a fresh start.